 Dungeon Crawl Stone Soup version 0.19.5 (webtiles) character file.

2331 Patchouli the Thaumaturge (level 9, -5/48 HPs)
             Began as a Deep Elf Ice Elementalist on Nov 25, 2016.
             Was a Believer of Kikubaaqudgha.
             Slain by a hill giant
             ... wielding a +0 giant spiked club
              (45 damage)
             ... on level 10 of the Dungeon on Mar 6, 2017.
             The game lasted 00:49:00 (3955 turns).

Patchouli the Thaumaturge (DEIE)                    Turns: 3955, Time: 00:49:02

Health: -5/48      AC: 15    Str:  5    XL:     9   Next: 19%
Magic:  17/23      EV: 15    Int: 24    God:    Kikubaaqudgha [**....]
Gold:   114        SH:  0    Dex: 15    Spells: 8 memorised, 5 levels left

rFire  . . .     SeeInvis +     I - +0 spear (flame)
rCold  + . .     Gourm    .     r - +1 robe of the Shining Light {Slay+2}
rNeg   . . .     Faith    .     (no shield)
rPois  .         Spirit   .     e - +1 helmet
rElec  .         Reflect  .     (no cloak)
rCorr  .         Harm     .     n - +2 pair of gloves
MR     .....                    (no boots)
Stlth  ++........               (no amulet)
                                G - ring of see invisible
                                m - ring of protection from cold

@: icy armour, regenerating (expiring), slow
A: no striking features
a: Receive Corpses, Renounce Religion


You were on level 10 of the Dungeon.
You worshipped Kikubaaqudgha.
Kikubaaqudgha was pleased with you.
You were not hungry.

You visited 2 branches of the dungeon, and saw 11 of its levels.

You collected 294 gold pieces.
You spent 180 gold pieces at shops.

Inventory:

Hand Weapons
 y - a +1 hand axe of flaming
 z - a +2 whip of venom
 D - a +1 long sword of holy wrath
 I - a +0 spear of flaming (weapon)
Armour
 a - a +0 robe
 e - a +1 helmet (worn)
 k - the +4 scale mail of the Gastropod {Str+4 Dex-3, unknown}
   (You found it on level 7 of the Dungeon)

   It affects your strength (+4).
   It affects your dexterity (-3).
 n - a +2 pair of gloves (worn)
 o - a +0 pair of gloves
 r - the +1 robe of the Shining Light (worn) {Slay+2}
   (You found it on level 6 of the Dungeon)

   It affects your accuracy and damage with ranged weapons and melee attacks
   (+2).
 C - a +0 pair of boots
 F - the +2 chain mail of Resourcefulness {Regen+ rCorr Dex+2, unknown}
   (You found it on level 8 of the Dungeon)

   It affects your dexterity (+2).
   It increases your rate of regeneration.
   It protects you from acid and corrosion.
Jewellery
 m - a ring of protection from cold (left hand)
 G - a ring of see invisible (right hand)
Wands
 p - a wand of paralysis (0/24)
 w - a wand of digging (14/24)
 E - a wand of iceblast (4/15)
 H - a wand of hasting (4/9)
Scrolls
 d - 2 scrolls of remove curse
 i - a scroll of fear {unknown}
 q - 2 scrolls of identify
 s - 2 scrolls of teleportation
 u - a scroll of enchant armour
 v - 2 scrolls of magic mapping
 J - a scroll of recharging {unknown}
Potions
 h - a potion of cancellation
 l - 2 potions of heal wounds
 t - 5 potions of curing
Books
 b - a book of Frost

   Spells                             Type                      Level
   a - Freeze                         Ice                          1
   b - Throw Frost                    Conjuration/Ice              2
   c - Ozocubu's Armour               Charms/Ice                   3
   d - Throw Icicle                   Conjuration/Ice              4
   e - Summon Ice Beast               Ice/Summoning                4
 f - Kikubaaqudgha's Reference Book on Evil Secrets
   (Kikubaaqudgha gifted it to you on level 8 of the Dungeon)

   Spells                             Type                      Level
   a - Animate Skeleton               Necromancy                   1
   b - Corpse Rot                     Necromancy                   2
   c - Sublimation of Blood           Necromancy                   2
   d - Vampiric Draining              Necromancy                   3
   e - Control Undead                 Necromancy                   4
 B - a book of Necromancy

   Spells                             Type                      Level
   a - Pain                           Necromancy                   1
   b - Animate Skeleton               Necromancy                   1
   c - Vampiric Draining              Necromancy                   3
   d - Regeneration                   Charms/Necromancy            3
   e - Animate Dead                   Necromancy                   4
   f - Control Undead                 Necromancy                   4
Comestibles
 c - 4 bread rations
 g - 13 chunks of flesh
 j - 3 meat rations
 x - a beef jerky
 A - a royal jelly


   Skills:
 + Level 1.9 Fighting
 + Level 5.5 Dodging
 - Level 2.4 Stealth
 * Level 8.6 Spellcasting
 - Level 1.1 Conjurations
 * Level 6.1 Summonings
 * Level 3.6 Necromancy
 * Level 7.9 Ice Magic


You had 5 spell levels left.
You knew the following spells:

 Your Spells              Type           Power        Failure   Level  Hunger
a - Freeze                Ice            ####         1%          1    None
b - Throw Frost           Conj/Ice       ####..       1%          2    None
d - Animate Skeleton      Necr           N/A          1%          1    None
i - Summon Ice Beast      Ice/Summ       #####...     3%          4    ##.....
q - Ozocubu's Armour      Chrm/Ice       ####....     3%          3    None
r - Regeneration          Chrm/Necr      ###.......   10%         3    None
t - Throw Icicle          Conj/Ice       ####....     12%         4    ##.....
u - Sublimation of Blood  Necr           ####......   1%          2    None


Dungeon Overview and Level Annotations

Branches:
Dungeon (10/15)            Temple (1/1) D:6
   Lair: D:8-11         Orc: D:9-12

Altars:
Dithmenos
Elyvilon
Gozag
Hepliaklqana
Kikubaaqudgha
Nemelex Xobeh
Okawaru
Qazlal
Trog
Uskayaw
Xom
Yredelemnul
Zin
The Shining One

Shops:
D:8 =

Annotations:
D:4 Eustachio
D:5 Sputzi's ghost, novice SpAs
D:6 Grinder
D:7 Menkaure
D:9 Ge0ff's ghost, journeyman HEHu
D:10 Josephine; Sonja


Message History

This raw flesh tastes terrible.
Casting: Sublimation of Blood
Confirm with . or Enter, or press ? or * to list all spells.
Your magic capacity is already full.
Casting: Sublimation of Blood
Confirm with . or Enter, or press ? or * to list all spells.
Your skin crawls.
Some of the chunks of flesh in your inventory have rotted away.
Casting: Regeneration
Confirm with . or Enter, or press ? or * to list all spells.
A film of ice covers your body!
You climb downwards.
Level annotation: Josephine; Sonja A hill giant comes into view.
It is wielding a giant spiked club.
Your skin is crawling a little less now.
The hill giant shouts!
The hill giant hits you with a giant spiked club!!!
Ouch! That really hurt!
You die...
Kikubaaqudgha rasps: "You have failed me!
Welcome... death!"

#+#
#.#
#.#
#.#
#C#
#@#
###


You could see a hill giant.

Vanquished Creatures
  A dream sheep (D:8)
  A yak (D:8)
  2 bullfrogs
  2 scorpions
  2 crimson imps
  5 hounds
  An orc priest (D:8)
  An iguana (D:5)
  4 worker ants
  An orc wizard (D:8)
  A hound skeleton (D:7)
  5 adders
  4 gnolls
  An ooze (D:4)
  3 leopard geckos
  9 orcs
  4 giant cockroaches
  3 goblins (D:1)
  2 hobgoblins
  6 jackals
  A kobold (D:1)
  2 quokkas
  A bat (D:2)
  A rat (D:1)
63 creatures vanquished.

Vanquished Creatures (collateral kills)
  A yak (D:8)
  A wyvern (D:9)
  A hungry ghost (D:9)
  5 orc warriors
  2 ice beasts
  A phantom (D:8)
  A black bear (D:9)
  4 ogres (D:8)
  A crocodile (D:8)
  3 centaurs
  2 big kobolds (D:8)
  A bullfrog (D:8)
  2 howler monkeys
  A hound (D:9)
  7 orc wizards
  3 gnoll shamans (D:8)
  3 orc priests (D:8)
  A worker ant (D:8)
  4 gnolls (D:8)
  2 shadow imps (D:9)
  11 orcs
  A fungus (D:8)
58 creatures vanquished.

Vanquished Creatures (others)
  3 fungi (D:8)
  2 plants (D:8)
5 creatures vanquished.

Grand Total: 126 creatures vanquished

Notes
Turn   | Place    | Note
-------+----------+-------------------------------------------
     0 | D:1      | Patchouli the Deep Elf Ice Elementalist began the quest for the Orb.
     0 | D:1      | Reached XP level 1. HP: 10/10 MP: 6/6
   125 | D:1      | Reached XP level 2. HP: 13/15 MP: 5/8
   147 | D:1      | Learned a level 2 spell: Throw Frost
   316 | D:2      | Found a glowing silver altar of Zin.
   400 | D:4      | You fall through a shaft for 2 floors!
   401 | D:6      | Noticed Grinder
   407 | D:6      | Got a sheer robe
   412 | D:5      | Entered Level 5 of the Dungeon
   414 | D:5      | Noticed Sputzi's ghost (novice SpAs)
   430 | D:7      | Noticed Menkaure
   497 | D:6      | Noticed a scorpion
   507 | D:6      | Reached XP level 3. HP: 19/19 MP: 8/10
   512 | D:6      | Learned a level 3 spell: Ozocubu's Armour
   532 | D:6      | Noticed a hippogriff
   583 | D:6      | Reached skill level 4 in Spellcasting
   639 | D:5      | Reached XP level 4. HP: 17/24 MP: 0/12
   677 | D:5      | Identified the +1 robe of the Shining Light {Slay+2} (You found it on level 6 of the Dungeon)
   744 | D:4      | Learned a level 4 spell: Summon Ice Beast
   820 | D:4      | Reached skill level 5 in Spellcasting
   831 | D:4      | Reached skill level 1 in Summonings
   831 | D:4      | Reached XP level 5. HP: 12/28 MP: 3/14
   911 | D:4      | Noticed Eustachio
   975 | D:6      | Found a staircase to the Ecumenical Temple.
  1025 | Temple   | Entered the Ecumenical Temple
  1141 | Temple   | Became a worshipper of Kikubaaqudgha
  1208 | D:6      | Reached skill level 5 in Ice Magic
  1266 | D:6      | Reached XP level 6. HP: 29/32 MP: 0/16
  1465 | D:7      | Reached skill level 6 in Spellcasting
  1561 | D:7      | Learned a level 4 spell: Throw Icicle
  1574 | D:7      | Reached XP level 7. HP: 32/36 MP: 6/18
  1662 | D:7      | Noticed a hungry ghost
  1691 | D:7      | Got a shimmering scale mail
  1765 | D:8      | Noticed a yak
  1794 | D:8      | Reached * piety under Kikubaaqudgha
  1794 | D:8      | Identified Kikubaaqudgha's Reference Book on Evil Secrets (Kikubaaqudgha gifted it to you on level 8 of the Dungeon)
  1794 | D:8      | Received a gift from Kikubaaqudgha
  1799 | D:8      | Learned a level 2 spell: Sublimation of Blood
  1801 | D:8      | Learned a level 1 spell: Animate Skeleton
  1802 | D:8      | Killed a yak
  1813 | D:8      | Noticed a dream sheep
  1824 | D:8      | Killed a dream sheep
  1923 | D:8      | Noticed a dream sheep
  1927 | D:8      | Noticed a yak
  1940 | D:8      | Killed a yak
  1940 | D:8      | Reached skill level 7 in Spellcasting
  2061 | D:8      | Learned a level 3 spell: Regeneration
  2069 | D:9      | Noticed a hungry ghost
  2091 | D:9      | Killed a hungry ghost
  2091 | D:9      | Reached XP level 8. HP: 41/41 MP: 4/20
  2110 | D:9      | Noticed Ge0ff's ghost (journeyman HEHu)
  2290 | D:9      | Found a shadowy altar of Dithmenos.
  2318 | D:9      | Reached skill level 1 in Necromancy
  2357 | D:10     | Entered Level 10 of the Dungeon
  2511 | D:9      | Reached skill level 5 in Summonings
  2623 | D:10     | Noticed Sonja
  2717 | D:10     | Noticed Josephine
  2856 | D:8      | Found Dimafat's Jewellery Shop.
  2874 | D:8      | Reached skill level 5 in Dodging
  2880 | D:8      | Reached skill level 1 in Fighting
  2918 | D:8      | Got a steaming chain mail
  2922 | D:8      | Bought an uncursed ring of see invisible for 180 gold pieces
  3109 | D:8      | Reached ** piety under Kikubaaqudgha
  3264 | D:8      | Reached skill level 8 in Spellcasting
  3455 | D:8      | Reached XP level 9. HP: 33/47 MP: 8/23
  3487 | D:8      | Upgraded the game from 0.19.1 to 0.19.5
  3807 | D:9      | Found a hide-covered altar of Uskayaw.
  3955 | D:10     | Noticed a hill giant
  3955 | D:10     | Slain by a hill giant

Skill      XL: |  1  2  3  4  5  6  7  8  9 |
---------------+----------------------------+-----
Dodging        | 3 4 5 |  5.5
Ice Magic      | 4 5 6 7 |  7.9
Spellcasting   | 4 5 6 7 8 |  8.6
Summonings     | 1 2 3 4 5 6 |  6.1
Necromancy     | 3 |  3.6
Fighting       | 1 |  1.9
Stealth        | |  2.4
Conjurations   | |  1.1

Action                   |  1- 3 |  4- 6 |  7- 9 || total
-------------------------+-------+-------+-------++-------
Melee: Short sword       |     5 |     2 |       ||     7
       Halberd           |       |     5 |     6 ||    11
       Hand axe          |       |       |    15 ||    15
       Spear             |       |       |     9 ||     9
       Long sword        |       |       |     3 ||     3
 Cast: Freeze            |    33 |    52 |    34 ||   119
       Throw Frost       |     4 |       |     5 ||     9
       Ozocubu's Armour  |     2 |     6 |    10 ||    18
       Summon Ice Beast  |       |       |    61 ||    61
       Sublimation of Bl |       |       |    30 ||    30
       Regeneration      |       |       |    22 ||    22
       Animate Skeleton  |       |       |     4 ||     4
       Throw Icicle      |       |       |     1 ||     1
Evoke: Wand              |     5 |       |     2 ||     7
  Use: Scroll            |     1 |     3 |     6 ||    10
       Potion            |       |     4 |     1 ||     5
 Stab: Paralysed         |     5 |       |       ||     5
       Sleeping          |       |     2 |       ||     2
       Distracted        |       |       |     2 ||     2
  Eat: Chunk             |       |     3 |    12 ||    15
       Beef jerky        |       |       |     1 ||     1
Armor: Robe              |     3 |    16 |    24 ||    43
Dodge: Dodged            |    27 |    32 |    65 ||   124
       Rpst.: Long sword |       |       |     3 ||     3
